cohdb
Replays
Latest Replays
All Replays
Popular Replays
Top Player Replays
Match Explorer
How It Works
Community
CoH3 Stats
Reddit
Sign in to upload your games and track your stats! →
Sign in with Steam
Match 41784674
Unlisted
Match 41784674
Overview
Messages
Build Orders
End
Construct Barracks
Selects Airborne Battlegroup
Riflemen Squad
M1 Mortar Team
Selects Heavy Machine Gun Paradrop
Heavy Machine Gun Paradrop
Infantry Support Center
Scout Squad
Engineer Squad
Construct Medical Station
Construct Motor Pool
M8 Greyhound Armored Car
M1918 Browning Automatic Rifles
M24 Chaffee Light Tank
M8 Greyhound Armored Car
Riflemen Squad
Selects Smoke Bombing Run
Selects Supply Drop
Selects Carpet Bombing Run
Supply Drop
Carpet Bombing Run
Supply Drop
Carpet Bombing Run
Supply Drop
Selects Paratrooper Squad Paradrop
Selects Anti-tank Gun Team Paradrop
Paratrooper Squad Paradrop
.30 cal Machine Gun
Anti-tank Gun Team Paradrop
Construct Tank Depot
Carpet Bombing Run
john china
Tiger One
IronPixie
oldeenglishdry
VIPKUS
Methiebe
Mael Radec
Son of Adequacy
0
0
Comments
sign in to comment!
No comments posted yet!